 Dungeon Crawl Stone Soup version 0.29.1-12-g30fa7ad0bf (webtiles) character file.

Game seed: 5440267470760788805

14747 hawla the Thaumaturge (level 12, -4/85 HPs)
             Began as a Meteoran Fire Elementalist on Jan 12, 2023.
             Was a Priest of Vehumet.
             Killed from afar by an oklob plant (36 damage)
             ... with a splash of acid
             ... on level 11 of the Dungeon.
             The game lasted 00:38:40 (7321 turns).

hawla the Thaumaturge (Meteoran Fire Elementalist)  Turns: 7321, Time: 00:38:41

Health: -4/85      AC:  3    Str: 14    XL:     12   Next: 83%
Magic:  40/40      EV: 14    Int: 20    God:    Vehumet [***...]
Gold:   321        SH:  0    Dex: 15    Spells: 28/40 levels left

rFire   . . .      SeeInvis +   j - +0 bardiche
rCold   . . .      Faith    .   (shield currently unavailable)
rNeg    . . .      Spirit   .   p - +0 steam dragon scales
rPois   .          Reflect  .   h - +1 helmet {SInv}
rElec   .          Harm     .   m - +2 cloak
rCorr   .          Rampage  .   (no gloves)
Will    ++...                   x - +0 pair of boots
Stlth   +.........              (no amulet)
HPRegen 0.24/turn               c - ring of protection from cold
MPRegen 0.27/turn               a - ring "Soavil" {rC- Will+ MP+9 Slay+2}

@: about to teleport, corroded, glowing, bezotted, unable to drink
A: sense surroundings 2, otherworldly, glowing, explore regen, camouflage 1,
strong 1, inability to drink after injury 1
a: Renounce Religion


You were on level 11 of the Dungeon.
You worshipped Vehumet.
Vehumet was most pleased with you.
You visited 2 branches of the dungeon, and saw 12 of its levels.
You also visited: Bailey.

You collected 780 gold pieces.
You spent 459 gold pieces at shops.

Inventory:

Hand Weapons
 j - a +0 bardiche (weapon)
Armour
 h - a +1 helmet of see invisible (worn)
 m - a +2 cloak (worn)
 p - +0 steam dragon scales (worn)
 x - a +0 pair of boots (worn)
Jewellery
 a - the ring "Soavil" (right hand) {rC- Will+ MP+9 Slay+2}
   (You found it on level 9 of the Dungeon)

   [ring of willpower]

   Slay:      It affects your accuracy & damage with ranged weapons and melee
   (+2).
   rC:        It makes you vulnerable to cold.
   MP:        It affects your magic capacity (+9).
   Will:      It increases your willpower.
 c - a ring of protection from cold (left hand)
 q - a ring of fire
 w - a ring of protection from fire
Wands
 l - a wand of digging (7)
 n - a wand of mindburst (6) (quivered)
 o - a wand of charming (24)
Scrolls
 g - 2 scrolls of identify
 i - 4 scrolls of teleportation
 k - 2 scrolls of enchant weapon
 u - a scroll of amnesia
Potions
 b - 5 potions of lignification
 d - 4 potions of flight
 f - a potion of brilliance
 v - a potion of curing


   Skills:
 + Level 2.1 Fighting
 + Level 5.1 Dodging
 - Level 1.4 Stealth
 + Level 14.9 Spellcasting
 + Level 10.5 Conjurations
 + Level 13.9 Fire Magic
 + Level 0.6 Evocations


You had 28 spell levels left.
You knew the following spells:

 Your Spells              Type           Power      Damage    Failure   Level
a - Foxfire               Conj/Fire      100%       2x1d9     1%          1
b - Scorch                Fire           100%       2d10      0%          2
c - Flame Wave            Conj/Fire      59%        2d14      1%          4
d - Fireball              Conj/Fire      29%        3d13      1%          5

Your spell library contained the following spells:

 Spells                   Type           Power      Damage    Failure   Level
 Ignite Poison            Fire/Tmut/Pois 33%        N/A       1%          3
 Poisonous Vapours        Pois/Air       28%        N/A       1%          2
 Conjure Flame            Conj/Fire      59%        6-21      1%          3
 Inner Flame              Hex/Fire       42%        N/A       1%          3
 Iskenderun's Battlesphe  Conj           54%        2d10      1%          5
 Apportation              Tloc           28%        N/A       4%          1
 Necrotise                Necr           56%        1d6       4%          1
 Summon Small Mammal      Summ           56%        N/A       4%          1
 Blink                    Tloc           28%        N/A       6%          2
 Call Canine Familiar     Summ           14%        N/A       13%         3
 Portal Projectile        Hex/Tloc       28%        N/A       13%         3
 Orb of Destruction       Conj           27%        9d9       13%         7
 Conjure Ball Lightning   Conj/Air       17%        3x3d6     19%         6
 Corpse Rot               Necr/Pois/Air  14%        N/A       38%         4
 Leda's Liquefaction      Hex/Erth       7%         N/A       38%         4
 Manifold Assault         Tloc           14%        N/A       75%         5
 Storm Form               Tmut/Air       7%         N/A       100%        7


Dungeon Overview and Level Annotations

Branches:
Dungeon (11/15) Zot: 83    Temple (1/1) D:7 Zot: 234    Lair (0/5) D:11
 Bailey (visited)
    Orc: D:9-12

Altars:
Ashenzari
Cheibriados
Dithmenos
Elyvilon
Fedhas
Gozag
Hepliaklqana
Kikubaaqudgha
Makhleb
Nemelex Xobeh
Okawaru
Qazlal
Ru
Sif Muna
Trog
Uskayaw
Vehumet
Wu Jian
Xom
Yredelemnul
Zin
The Shining One

Shops:
D:4 *   D:6 *   D:8 *=![(   D:11 [

Annotations:
D:11 exclusion: 2 oklob plants


Innate Abilities, Weirdness & Mutations

You passively map the area around you.
You are easily found by Zot.
You glow in the dark.
You regain HP and MP as you explore.
Your skin changes colour to match your surroundings (Stealth+).
Your muscles are strong. (Str +4, Int/Dex -1)
You occasionally lose the ability to drink potions when taking damage.


Message History

The splash of acid hits you. The acid corrodes you!
Really walk into a travel-excluded area?
The oklob plant spits acid at you. The splash of acid hits you!
You feel threatened and lose the ability to drink potions!
The acid corrodes you!
You can drink potions again.
You are no longer corroded.
You start waiting.
You have lingered too long.
Zot senses you.
Dive deeper or flee this branch before you suffer!
(D) Dungeon (T) Temple (L) Lair
Where to? (Enter - D:11 @ (x,y), ? - help)
What level of the Dungeon? (default 1, ? - help) Sorry, I don't know how to get there.
Really walk into a travel-excluded area?
The oklob plant spits acid at you. The splash of acid misses you.
Casting: Fireball (mildly dangerous; 1% risk of failure)
Confirm with . or Enter, or press ? or * to list all spells.
Aiming: Fireball (mildly dangerous; 1% risk of failure)
Press: ? - help, Shift-Dir - straight line, p - oklob plant Out of range.
Okay, then.
The oklob plant spits acid at you. The splash of acid hits you!!
The acid corrodes you!
Casting: Fireball (mildly dangerous; 1% risk of failure)
Confirm with . or Enter, or press ? or * to list all spells.
Aiming: Fireball (mildly dangerous; 1% risk of failure)
Press: ? - help, Shift-Dir - straight line, p - oklob plant Out of range.
Okay, then.
As you read the scroll of teleportation, it crumbles to dust.
You feel strangely unstable. The oklob plant spits acid at you.
The splash of acid hits you!!
You feel threatened and lose the ability to drink potions!
The acid corrodes you! The oklob plant spits acid at you.
The splash of acid hits you!!!
You die...

#...# #...#
##################...#
.....................############
......................).)...[....
#############.#...#######...#####
#.#..#...≈...#..#
#......#...#....#
###.@.##...##...# #.#.........#.#
#.#≈...>.P.≈#.##
#.#.........#..####
###############...##.P.##........
..^................#...#......>..
##############...#...≈...#.......
##...#######...##### ####..#
#####


You could see 2 oklob plants.

Vanquished Creatures
  Snorg (D:11)
  A hydra (D:11)
  2 two-headed ogres
  3 cyclopes
  An ugly thing (D:11)
  An unseen horror (D:11)
  A troll (D:11)
  3 hornets
  2 shadows
  Sigmund (D:2)
  2 vampires
  16 yaks
  2 wyverns
  6 steam dragons
  2 vampire mosquitoes (D:10)
  11 orc warriors
  A sky beast (D:7)
  3 ice beasts
  3 ogres
  9 centaurs
  2 kobold brigands
  A necrophage (D:6)
  10 bullfrogs
  2 scorpions (D:6)
  3 wights (D:8)
  10 killer bees
  3 howler monkeys (D:9)
  5 jellies
  5 hounds
  12 orc priests
  Crazy Yiuf (D:7)
  2 gnoll boudas
  Jessica (D:2)
  2 iguanas
  13 orc wizards
  6 gnolls
  5 adders
  A shadow imp (D:6)
  A white imp (D:6)
  A worm (D:4)
  3 dart slugs
  50 orcs
  6 endoplasms
  8 giant cockroaches
  7 goblins
  7 hobgoblins
  3 jackals (D:2)
  5 quokkas
  6 ball pythons
  3 bats
  A frilled lizard (D:1)
  14 kobolds
  A rat (D:2)
271 creatures vanquished.

Vanquished Creatures (others)
  450 foxfires
  13 plants (D:11)
463 creatures vanquished.

Grand Total: 734 creatures vanquished

Notes
Turn   | Place    | Note
-------+----------+-------------------------------------------
     0 | D:1      | hawla the Meteoran Fire Elementalist began the quest for
                  | the Orb.
     0 | D:1      | Reached XP level 1. HP: 14/14 MP: 5/5
    47 | D:1      | Reached XP level 2. HP: 9/20 MP: 3/6
   134 | D:1      | Learned a level 2 spell: Scorch
   153 | D:2      | Reached XP level 3. HP: 23/26 MP: 0/8
   193 | D:2      | Noticed Jessica
   197 | D:2      | Killed Jessica
   198 | D:2      | Reached skill level 3 in Spellcasting
   198 | D:2      | Reached XP level 4. HP: 20/33 MP: 4/9
   313 | D:2      | Reached skill level 5 in Fire Magic
   321 | D:2      | Found a faded altar of an unknown god.
   324 | D:2      | Noticed Sigmund
   327 | D:2      | Killed Sigmund
   328 | D:2      | Reached skill level 4 in Spellcasting
   328 | D:2      | Reached XP level 5. HP: 29/38 MP: 5/12
   328 | D:2      | Reached XP level 6. HP: 35/45 MP: 5/13
   388 | D:2      | Learned a level 4 spell: Flame Wave
   591 | D:4      | Noticed an ogre
   603 | D:4      | Reached XP level 7. HP: 38/50 MP: 1/14
   608 | D:5      | Entered Level 5 of the Dungeon
   635 | D:5      | Noticed a steam dragon
   646 | D:5      | Killed a steam dragon
   647 | D:5      | Reached skill level 5 in Conjurations
   914 | D:5      | Reached skill level 5 in Spellcasting
   915 | D:5      | Reached XP level 8. HP: 57/57 MP: 10/16
  1068 | D:4      | Reached skill level 6 in Spellcasting
  1183 | D:4      | Found Unug's Assorted Antiques.
  1191 | D:4      | Bought a cyan potion for 21 gold pieces
  1191 | D:4      | Bought a scroll labelled QOOMUB OGYTUEFUEMA for 24 gold
                  | pieces
  1191 | D:4      | Bought a murky ruby potion for 21 gold pieces
  1191 | D:4      | Bought a jewelled glass wand for 96 gold pieces
  1191 | D:4      | Bought a scroll labelled WABRIT XAVUGOX for 24 gold pieces
  1191 | D:4      | Bought a scroll labelled VAUR VAFEJ OTZ for 24 gold pieces
  1636 | D:4      | Reached skill level 7 in Spellcasting
  1690 | D:4      | Gained mutation: You passively map the area around you.
                  | [Meteoran growth]
  1690 | D:4      | Reached XP level 9. HP: 63/63 MP: 16/20
  2254 | D:6      | Found Dyociell's Blasphemy Boutique.
  2289 | D:6      | Found a blossoming altar of Fedhas.
  2340 | D:6      | Reached skill level 8 in Spellcasting
  2796 | D:6      | Reached skill level 9 in Spellcasting
  2833 | D:6      | Reached XP level 10. HP: 70/70 MP: 15/24
  2927 | D:7      | Reached skill level 10 in Spellcasting
  3042 | D:7      | Reached skill level 10 in Fire Magic
  3066 | D:7      | Found a staircase to the Ecumenical Temple.
  3076 | Temple   | Entered the Ecumenical Temple
  3373 | Temple   | Became a worshipper of Vehumet
  3556 | D:7      | Found a runed translucent door.
  3557 | D:7      | Noticed Crazy Yiuf
  3588 | D:7      | Killed Crazy Yiuf
  3774 | D:8      | Found Cofuled's Distillery.
  3791 | D:8      | Bought a potion of lignification for 30 gold pieces
  3791 | D:8      | Bought a potion of lignification for 30 gold pieces
  3791 | D:8      | Bought a potion of haste for 100 gold pieces
  3791 | D:8      | Bought 2 potions of curing for 60 gold pieces
  3819 | D:8      | Found Sumeom's Assorted Antiques.
  3824 | D:8      | Bought a scroll labelled PEPAME ROMOQE for 29 gold pieces
  3887 | D:8      | Found Sealubez's Antique Weapon Shop.
  3911 | D:8      | Reached skill level 11 in Spellcasting
  3926 | D:8      | Reached * piety under Vehumet
  3926 | D:8      | Offered knowledge of Freeze by Vehumet.
  3941 | D:8      | Reached skill level 1 in Fighting
  3964 | D:8      | Found a flagged portal.
  3991 | Bailey   | Entered a bailey
  4103 | Bailey   | Reached XP level 11. HP: 12/77 MP: 1/27
  4243 | Bailey   | Identified the +6 fire dragon scales of Complete Protection
                  | {rElec rPois rF++ rC- Dex+9}
  4469 | D:8      | Offered knowledge of Magic Dart by Vehumet.
  4488 | D:8      | Found Buonan's Jewellery Emporium.
  4514 | D:8      | Found Yfe Goeleu's Armour Shop.
  4588 | D:8      | Found a broken altar of Ashenzari.
  4591 | D:8      | Found a burning altar of Makhleb.
  4594 | D:8      | Found an iron altar of Okawaru.
  4601 | D:8      | Reached ** piety under Vehumet
  4604 | D:8      | Reached skill level 12 in Spellcasting
  4640 | D:8      | Found a hide-covered altar of Uskayaw.
  4803 | D:9      | Identified the +1 ring mail of the Depths {Str+3 Int+5
                  | Dex+2}
  4806 | D:9      | Noticed a cyclops
  4818 | D:9      | Killed a cyclops
  4823 | D:9      | Noticed a two-headed ogre
  4828 | D:9      | Killed a two-headed ogre
  4870 | D:9      | Identified the ring "Soavil" {rC- Will+ MP+9 Slay+2}
  5025 | D:9      | Paralysed by a hornet for 3 turns
  5031 | D:9      | Reached skill level 13 in Spellcasting
  5036 | D:9      | HP: 3/78 [poisoned by a hornet]
  5396 | D:9      | Offered knowledge of Ignite Poison by Vehumet.
  5462 | D:10     | Entered Level 10 of the Dungeon
  5631 | D:10     | Reached XP level 12. HP: 35/85 MP: 30/30
  5647 | D:10     | Noticed a two-headed ogre
  6057 | D:10     | Killed a two-headed ogre
  6347 | D:11     | Gained mutation: You occasionally lose the ability to drink
                  | potions when taking damage. [potion of mutation]
  6347 | D:11     | Gained mutation: Your skin changes colour to match your
                  | surroundings (Stealth+). [potion of mutation]
  6347 | D:11     | Gained mutation: Your muscles are strong. (Str +4, Int/Dex
                  | -1) [potion of mutation]
  6366 | D:11     | Noticed Snorg
  6371 | D:11     | Killed Snorg
  6372 | D:11     | Reached skill level 14 in Spellcasting
  6378 | D:11     | Learned a level 5 spell: Fireball
  6384 | D:11     | Noticed a four-headed hydra
  6402 | D:11     | Reached *** piety under Vehumet
  6422 | D:11     | Found Bepulaor's Armour Emporium.
  6437 | D:11     | Reached skill level 10 in Conjurations
  6640 | D:11     | Reached skill level 5 in Dodging
  6685 | D:11     | Killed a four-headed hydra
  7190 | D:11     | Found a staircase to the Lair.
  7305 | D:11     | Glimpsed the power of Zot.
  7321 | D:11     | Killed from afar by an oklob plant

Illustrated notes

Levels and vault maps discovered:
D:1:      matt_arrival_grand_opening, layout_loops_cross, serial_shops,
          nicolae_shop_hallway_stairs, corexii_hall_statues_x
D:2:      layout_loops_cross, dreamdust_ecumenical_altar_statues, minivault_4,
          st_stairs_11, minmay_pentomino_o4, uniq_sigmund, uniq_jessica
D:3:      layout_loops_cross, gup_sewer_entry_bubbles, serial_park_tiny_1
D:4:      layout_cave_pods, serial_shops, nicolae_shop_crystal,
          minmay_joined_circles
D:5:      layout_loops_ring
D:6:      layout_basic, fedhas_altar_3, nicolae_evil_shop
D:7:      layout_cave_pools, minmay_temple_entry_proselytizer,
          uniq_crazy_yiuf_cottage
D:8:      layout_gridville, grunt_temple_overflow_cloverleaf, serial_shops,
          nicolae_shop_advertising_works [nicolae_subvault_shop_adworks],
          kennysheep_mini_moat, shop_statue, shop_coins, shop, enter_bailey_2
D:9:      layout_basic
D:10:     layout_basic, serial_curves, eino_curves_02, eino_curves_01,
          minmay_misc_feat_hallway
D:11:     layout_long_grid, dpeg_oklobed_lair, serial_shops,
          nicolae_shop_behind_doors, uniq_snorg
Temple:   minmay_temple_bridge_d

Skill      XL: |  1  2  3  4  5  6  7  8  9 10 11 12 |
---------------+-------------------------------------+-----
Fire Magic     | 4 5 6 7 9 11 12 13 | 13.9
Spellcasting   | 3 4 5 7 9 11 13 14 | 14.9
Dodging        | 3 4 5 |  5.1
Conjurations   | 2 4 6 7 8 9 10 | 10.5
Fighting       | 1 2 |  2.1
Stealth        | |  1.4
Evocations     | |  0.6

Action                   |  1- 3 |  4- 6 |  7- 9 | 10-12 || total
-------------------------+-------+-------+-------+-------++-------
Melee: Unarmed           |     2 |     3 |     7 |     5 ||    17
       Bardiche          |       |       |       |    12 ||    12
 Cast: Foxfire           |    19 |    27 |    72 |   145 ||   263
       Scorch            |     2 |     4 |    51 |    75 ||   132
       Flame Wave        |       |     2 |    11 |    33 ||    46
       Fireball          |       |       |       |    31 ||    31
Evoke: Wand              |       |       |       |     5 ||     5
  Use: Potion            |     1 |       |       |    14 ||    15
       Scroll            |       |     3 |    10 |    11 ||    24
Armor: Robe              |     3 |       |     6 |    16 ||    25
       Skin              |       |       |       |    16 ||    16
       Steam dragon scal |       |       |       |    40 ||    40
Dodge: Dodged            |    10 |     8 |    18 |   123 ||   159
